 Dungeon Crawl Stone Soup version 0.20.1-1-g8b1a95d (webtiles) character file.

86799 Liatris the Covert (level 15, -15/107 HPs)
             Began as a Demonspawn Gladiator on Aug 14, 2017.
             Was the Champion of Okawaru.
             Demolished by a vampire knight
             ... wielding a +0 war axe
              (28 damage)
             ... while paralysed by a vampire knight
             ... on level 14 of the Dungeon.
             The game lasted 03:02:55 (23737 turns).

Liatris the Covert (Demonspawn Gladiator)          Turns: 23737, Time: 03:02:56

Health: -15/107    AC: 17    Str: 22    XL:     15   Next: 41%
Magic:  18/18      EV:  2    Int: 18    God:    Okawaru [******]
Gold:   2477       SH:  0    Dex: 27    Spells: 14/14 levels left

rFire    . . .     SeeInvis +   C - +6 rapier "Bozott" {speed, Int+3 SInv}
rCold    + . .     Gourm    .   F - +3 large shield {rC+}
rNeg     . . .     Faith    .   E - +2 leather armour {rPois}
rPois    +         Spirit   .   c - +0 helmet
rElec    .         Reflect  .   m - +2 cloak {+Inv}
rCorr    .         Harm     .   W - +1 pair of gloves {Dex+3}
MR       +....                  (boots unavailable)
Stlth    +++++++...             u - amulet of regeneration
Regen    0.7/turn               k - +2 ring of dexterity
MPRegen  0.2/turn               h - ring of Woocamim {AC+6 Int+4}

@: paralysed, mighty, agile, very slightly contaminated, hasted, invisible
A: talons 3, repulsion field 1, blurry vision 1, deformed body, powered by pain
2, spiny 2
a: Heroism, Finesse, Renounce Religion


You were on level 14 of the Dungeon.
You worshipped Okawaru.
Okawaru was exalted by your worship.
You were not hungry.

You visited 4 branches of the dungeon, and saw 23 of its levels.

You collected 2657 gold pieces.
You spent 180 gold pieces at shops.

Inventory:

Hand Weapons
 l - a +4 flail
 n - a +9 quick blade
 C - the +6 rapier "Bozott" (weapon) {speed, Int+3 SInv}
   (You found it on level 9 of the Dungeon)

   Attacks with this weapon are significantly faster.
   It affects your intelligence (+3).
   It lets you see invisible.
 V - the +9 broad axe "Ogrebane" {speed, Str+5}
   (Okawaru gifted it to you on level 5 of the Lair of Beasts)

   Attacks with this weapon are significantly faster.
   It affects your strength (+5).
Missiles
 d - 7 throwing nets (quivered)
Armour
 a - the +1 crystal plate armour of Spite {+Fly rC+ Dex-3 Stlth+}
   (You acquired it on level 13 of the Dungeon)

   It affects your dexterity (-3).
   It protects you from cold.
   It lets you fly.
   It makes you more stealthy.
 c - a +0 helmet (worn)
 j - +0 acid dragon scales
 m - a +2 cloak of invisibility (worn)
 o - a +2 plate armour of magic resistance
 w - the +5 chain mail of Intell {MR+ Dex+4}
   (You bought it in a shop on level 2 of the Orcish Mines)

   It affects your dexterity (+4).
   It affects your resistance to hostile enchantments.
 E - a +2 leather armour of poison resistance (worn)
 F - a +3 large shield of cold resistance (worn)
 W - a +1 pair of gloves of dexterity (worn)
Jewellery
 h - the ring of Woocamim (right hand) {AC+6 Int+4}
   (You found it on level 6 of the Lair of Beasts)

   [ring of protection]

   It affects your AC (+6).
   It affects your intelligence (+4).
 k - a +2 ring of dexterity (left hand)
 r - an uncursed ring of protection from cold {unknown}
 u - an amulet of regeneration (around neck)
 S - an uncursed ring of fire
Wands
 i - a wand of enslavement (15/24)
 x - a wand of paralysis (4/24)
 D - a wand of paralysis (9/24)
 H - a wand of iceblast (7/15)
 I - a wand of acid (9/15)
 R - a wand of acid (10/15)
 T - a wand of iceblast (6/15)
 Z - a wand of iceblast (3/15)
Scrolls
 e - 7 scrolls of remove curse
 p - a scroll of summoning
 q - 2 scrolls of identify
 s - 5 scrolls of teleportation
 N - a scroll of fear
Potions
 t - 3 potions of invisibility
 v - 4 potions of might
 z - 3 potions of flight
 B - 2 potions of heal wounds
 K - 2 potions of agility
 L - 8 potions of curing
Comestibles
 b - 13 fruits
 f - 13 bread rations
 g - 7 meat rations


   Skills:
 + Level 6.9 Fighting
 + Level 11.9 Short Blades
 - Level 9.3 Axes
 + Level 1.8 Throwing
 + Level 6.3 Armour
 + Level 11.2 Dodging
 + Level 13.0 Stealth
 - Level 9.6 Shields
 + Level 0.6 Invocations
 - Level 4.0 Evocations


You had 14 spell levels left.
You didn't know any spells.

Dungeon Overview and Level Annotations

Branches:
Dungeon (14/15)            Temple (1/1) D:6            Lair (6/6) D:10
 Shoals (0/4) Lair:2       Spider (0/4) Lair:4        Slime (0/5) Lair:5
    Orc (2/2) D:9             Elf (0/3) Orc:2        Vaults (0/5) D:14

Altars:
Ashenzari
Cheibriados
Dithmenos
Elyvilon
Fedhas
Gozag
Hepliaklqana
Kikubaaqudgha
Makhleb
Nemelex Xobeh
Okawaru
Qazlal
Ru
Sif Muna
Trog
Uskayaw
Vehumet
Xom
Yredelemnul
Zin
The Shining One
Beogh
Jiyva

Shops:
Orc:2 :?[?

Portals:
Trove: D:12 (show abyssal rune of Zot)

Annotations:
D:10 1 runed door
Lair:3 exclusion: oklob plant
Lair:5 1 runed door


Innate Abilities, Weirdness & Mutations

You have claws for feet.
You are surrounded by a mild repulsion field. (EV +2)
You sometimes gain power by taking damage.
You are mostly covered in sharp spines.
Scrolls take you a little longer to read.
Armour fits poorly on your strangely shaped body.


Message History

You focus on the pain.
You feel very mighty all of a sudden.
The vampire knight draws life force from you and is healed!
The yak gores you but does no damage.
You feel yourself speed up.
The vampire knight is infused with unholy energy.
* * * LOW HITPOINT WARNING * * *
The vampire knight draws life force from you and is healed!
You block the yak's attack.
The vampire knight casts a spell at you.
You suddenly lose the ability to move!
The vampire knight hits you but does no damage.
The vampire knight bites you!
* * * LOW HITPOINT WARNING * * *
The vampire knight draws strength from your injuries!
The vampire knight hits you with a war axe.
* * * LOW HITPOINT WARNING * * *
The vampire knight bites you but does no damage.
The vampire knight hits you with a war axe!!
You die...

####### #.
#8.#..# #.#
+.8'Y.# #.# #V##
#.# #@.# #.# #..#
###.#######'##
#...#..'..'..#
#.#.'..#..#.)# #
#...########## #
#................
###
#.##.##.##.###..#
#.. #†##.##.#
#(.# #.....


You could see a vampire knight (invisible) and a yak.

Vanquished Creatures
  5 ogre magi (Orc:2)
  Harold (D:11)
  A centaur warrior (D:13)
  Erolcha (D:11)
  7 hydras
  A death knight (D:11)
  3 two-headed ogres
  2 dancing weapons (D:14)
  11 death yaks (Lair:6)
  4 catoblepae (Lair:6)
  A fire crab (Lair:6)
  5 unseen horrors
  2 phantasmal warriors (D:11)
  Pikel (D:4)
  6 orc sorcerers
  4 cyclopes
  An ugly thing (D:12)
  4 manticores
  Maurice (D:13)
  8 black mambas
  6 elephants (Lair:6)
  3 centaur zombies
  13 spiny frogs
  5 centaur skeletons
  2 rime drakes (Lair:6)
  A freezing wraith (D:11)
  5 komodo dragons
  A yaktaur (D:14)
  2 polar bears
  5 trolls
  24 blink frogs
  11 hippogriffs
  10 slime creatures
  13 dream sheep
  A water elemental (D:11)
  76 yaks
  A wraith (D:14)
  A shadow (D:13)
  A human (D:7)
  3 redbacks (Lair:4)
  5 wyverns
  2 basilisks
  4 hogs (D:7)
  4 vampire mosquitoes (D:13)
  An acid dragon (D:13)
  8 water moccasins
  5 porcupines
  A sky beast (D:13)
  2 swamp drakes
  2 black bears
  13 orc warriors
  10 wolves
  4 ice beasts
  A necrophage (D:7)
  2 phantoms
  A slave (D:4)
  13 ogres
  3 centaurs
  24 crocodiles
  4 big kobolds
  20 bullfrogs
  A wyvern skeleton (D:7)
  2 wyvern zombies
  6 scorpions
  23 killer bees
  2 electric eels (D:11)
  9 howler monkeys
  3 crimson imps
  2 bullfrog zombies (D:12)
  4 hounds
  4 bullfrog skeletons
  6 jellies
  10 orc priests
  Crazy Yiuf (D:5)
  31 orc wizards
  13 iguanas
  17 worker ants
  A killer bee zombie (D:10)
  A worker ant zombie (D:8)
  8 gnolls
  10 adders
  A river rat (Lair:2)
  4 shadow imps
  An adder skeleton (D:7)
  3 worms
  A dart slug (D:1)
  12 leopard geckos
  84 orcs
  7 giant cockroaches
  35 goblins
  28 hobgoblins
  5 jackals
  5 quokkas
  3 ball pythons
  5 bats
  12 frilled lizards
  20 kobolds
  A quokka zombie (D:5)
  9 rats
  A plant (Lair:2)
773 creatures vanquished.

Vanquished Creatures (others)
  A wraith (D:11)
  A crocodile (D:11)
  2 leopard geckos (D:11)
  14 fungi
  12 plants
30 creatures vanquished.

Grand Total: 803 creatures vanquished

Notes
Turn   | Place    | Note
-------+----------+-------------------------------------------
     0 | D:1      | Liatris the Demonspawn Gladiator began the quest for the Orb.
     0 | D:1      | Reached XP level 1. HP: 16/16 MP: 1/1
   164 | D:1      | Gained mutation: You are partially covered in sharp spines. [demonic ancestry]
   164 | D:1      | Reached XP level 2. HP: 21/22 MP: 2/2
   797 | D:2      | Gained mutation: You have sharp toenails. [demonic ancestry]
   797 | D:2      | Reached XP level 3. HP: 11/27 MP: 3/3
  1138 | D:2      | Found a shadowy altar of Dithmenos.
  1543 | D:3      | Gained mutation: You have razor-sharp toenails. [demonic ancestry]
  1543 | D:3      | Reached XP level 4. HP: 34/34 MP: 4/4
  1651 | D:3      | Reached skill level 1 in Armour
  1788 | D:3      | Found a hazy altar of Hepliaklqana.
  1922 | D:3      | Reached skill level 1 in Stealth
  1922 | D:3      | Gained mutation: You are surrounded by a mild repulsion field. (EV +2) [demonic ancestry]
  1922 | D:3      | Reached XP level 5. HP: 40/40 MP: 5/5
  2280 | D:4      | Noticed a phantom
  2308 | D:4      | Killed a phantom
  2308 | D:4      | Reached XP level 6. HP: 22/47 MP: 6/6
  2759 | D:4      | Reached skill level 5 in Axes
  3030 | D:4      | Noticed a slave
  3038 | D:4      | Killed a slave
  3046 | D:4      | Noticed Pikel
  3048 | D:4      | Noticed a slave
  3049 | D:4      | Noticed a slave
  3052 | D:4      | Noticed a slave
  3060 | D:4      | Killed Pikel
  3060 | D:4      | Reached skill level 3 in Stealth
  3060 | D:4      | Reached XP level 7. HP: 42/54 MP: 5/7
  3265 | D:5      | Entered Level 5 of the Dungeon
  3392 | D:5      | Reached skill level 1 in Evocations
  3534 | D:5      | Gained mutation: You sometimes gain a little power by taking damage. [demonic ancestry]
  3534 | D:5      | Reached XP level 8. HP: 58/60 MP: 8/8
  4208 | D:5      | Found a snail-covered altar of Cheibriados.
  4271 | D:5      | Found a runed door.
  4275 | D:5      | Noticed Crazy Yiuf
  4281 | D:5      | Killed Crazy Yiuf
  4581 | D:6      | Reached skill level 4 in Stealth
  4725 | D:6      | Found a staircase to the Ecumenical Temple.
  4743 | Temple   | Entered the Ecumenical Temple
  4786 | Temple   | Became a worshipper of Warmaster Okawaru
  5378 | D:6      | Reached skill level 1 in Shields
  5810 | D:7      | Reached XP level 9. HP: 67/67 MP: 10/10
  6002 | D:7      | Found a basalt altar of Yredelemnul.
  6054 | D:7      | Reached skill level 5 in Fighting
  6114 | D:7      | Reached * piety under Okawaru
  6278 | D:7      | Reached ** piety under Okawaru
  7307 | D:8      | Gained mutation: You sometimes gain power by taking damage. [demonic ancestry]
  7307 | D:8      | Reached XP level 10. HP: 64/74 MP: 9/12
  7313 | D:8      | Reached skill level 5 in Armour
  7316 | D:8      | Noticed a two-headed ogre
  7327 | D:8      | Killed a two-headed ogre
  7327 | D:8      | Reached *** piety under Okawaru
  7327 | D:8      | Reached skill level 5 in Stealth
  7531 | D:8      | Received a gift from Okawaru
  7584 | D:8      | You fall through a shaft!
  7594 | D:9      | Got a crude rapier
  7595 | D:9      | Identified the +6 rapier "Bozott" {speed, Int+3 SInv} (You found it on level 9 of the Dungeon)
  7713 | D:9      | Reached skill level 1 in Short Blades
  8028 | D:9      | Found an iron altar of Okawaru.
  8264 | D:9      | Found a staircase to the Orcish Mines.
  8405 | D:10     | Entered Level 10 of the Dungeon
  8710 | D:10     | Reached **** piety under Okawaru
  8757 | D:10     | Reached skill level 5 in Short Blades
  8943 | D:10     | Found a runed door.
  8944 | D:10     | Noticed a sixfirhy
  8997 | D:10     | Reached XP level 11. HP: 76/81 MP: 13/13
  9012 | D:10     | Found a staircase to the Lair.
 10187 | Lair:1   | Entered Level 1 of the Lair of Beasts
 10248 | Lair:1   | Reached ***** piety under Okawaru
 10308 | Lair:1   | Reached skill level 5 in Dodging
 10330 | Lair:1   | Received a gift from Okawaru
 10468 | Lair:1   | Reached skill level 6 in Stealth
 10672 | Lair:1   | Reached skill level 5 in Shields
 11397 | Lair:2   | Reached skill level 7 in Stealth
 11397 | Lair:2   | Gained mutation: You are mostly covered in sharp spines. [demonic ancestry]
 11397 | Lair:2   | Reached XP level 12. HP: 70/89 MP: 14/14
 11509 | Lair:2   | Received a gift from Okawaru
 11825 | Lair:2   | Found a staircase to the Shoals.
 12399 | Lair:3   | Noticed a six-headed hydra
 12416 | Lair:3   | Killed a six-headed hydra
 12507 | Lair:3   | Noticed a seven-headed hydra
 12533 | Lair:3   | Killed a seven-headed hydra
 12552 | Lair:3   | Received a gift from Okawaru
 12615 | Lair:3   | Noticed a seven-headed hydra
 12621 | Lair:3   | Killed a seven-headed hydra
 12665 | Lair:3   | Received a gift from Okawaru
 13161 | Lair:4   | Reached ****** piety under Okawaru
 13161 | Lair:4   | Reached skill level 8 in Stealth
 13180 | Lair:4   | Found a hole to the Spider Nest.
 13917 | Lair:5   | Noticed a five-headed hydra
 13923 | Lair:5   | Killed a five-headed hydra
 13923 | Lair:5   | Gained mutation: You have claws for feet. [demonic ancestry]
 13923 | Lair:5   | Reached XP level 13. HP: 94/94 MP: 16/16
 13968 | Lair:5   | Received a gift from Okawaru
 13973 | Lair:5   | Got a faintly glowing broad axe {god gift}
 13974 | Lair:5   | Identified the +9 broad axe "Ogrebane" {speed, Str+5} (Okawaru gifted it to you on level 5 of the Lair of Beasts)
 14002 | Lair:5   | Found a runed door.
 14003 | Lair:5   | Found a viscous altar of Jiyva.
 14003 | Lair:5   | Noticed an azure jelly
 14066 | Lair:5   | Noticed an azure jelly
 14067 | Lair:5   | Found a staircase to the Slime Pits.
 14067 | Lair:5   | Noticed an azure jelly
 14541 | Lair:5   | Reached skill level 9 in Stealth
 14734 | Lair:6   | Entered Level 6 of the Lair of Beasts
 14975 | Lair:6   | Received a gift from Okawaru
 15660 | Lair:6   | Reached skill level 10 in Stealth
 15757 | Lair:6   | Reached skill level 10 in Short Blades
 15815 | Lair:6   | Received a gift from Okawaru
 15950 | Lair:6   | Reached XP level 14. HP: 90/101 MP: 17/17
 16863 | Lair:6   | Received a gift from Okawaru
 17161 | Lair:6   | Got a coiled lead ring
 17165 | Lair:6   | Identified the ring of Woocamim {AC+6 Int+4} (You found it on level 6 of the Lair of Beasts)
 17585 | Orc:1    | Entered Level 1 of the Orcish Mines
 18037 | Orc:2    | Entered Level 2 of the Orcish Mines
 18498 | Orc:2    | Found a staircase to the Elven Halls.
 18789 | Orc:2    | Found Puodih's Book Emporium.
 18812 | Orc:2    | Received a gift from Okawaru
 18812 | Orc:2    | Reached skill level 10 in Dodging
 18941 | Orc:2    | Found Bouw's Magic Scroll Shoppe.
 18983 | Orc:2    | Gained mutation: Armour fits poorly on your strangely shaped body. [mutagenic glow]
 18993 | Orc:2    | Found an ancient bone altar of Kikubaaqudgha.
 19030 | Orc:2    | Found Wasuzuischy's Magic Scroll Shoppe.
 19038 | Orc:2    | Reached skill level 11 in Stealth
 19086 | Orc:2    | Found a radiant altar of Vehumet.
 19195 | Orc:2    | Found a roughly hewn altar of Beogh.
 19210 | Orc:2    | Paralysed by an orc sorcerer for 5 turns
 19543 | Orc:2    | Found Efach's Antique Armour Emporium.
 19559 | Orc:2    | Bought an encrusted chain mail for 180 gold pieces
 19569 | Orc:2    | Identified the +5 chain mail of Intell {MR+ Dex+4} (You bought it in a shop on level 2 of the Orcish Mines)
 20134 | D:11     | Found a viscous altar of Jiyva.
 20248 | D:11     | Received a gift from Okawaru
 20409 | D:11     | Noticed Harold
 20417 | D:11     | Killed Harold
 20719 | D:11     | Noticed Erolcha
 20724 | D:11     | Killed Erolcha
 20835 | D:11     | Reached skill level 12 in Stealth
 21104 | D:11     | Gained mutation: Scrolls take you a little longer to read. [mutagenic glow]
 21523 | D:12     | Found a basalt altar of Yredelemnul.
 21547 | D:12     | Reached XP level 15. HP: 104/106 MP: 18/18
 21816 | D:12     | Received a gift from Okawaru
 22186 | D:12     | Found a portal to a secret trove of treasure.
 22477 | D:13     | Noticed Maurice
 22488 | D:13     | Killed Maurice
 22615 | D:13     | Identified a scroll of acquirement
 22617 | D:13     | Got a translucent crystal plate armour
 22620 | D:13     | Identified the +1 crystal plate armour of Spite {+Fly rC+ Dex-3 Stlth+} (You acquired it on level 13 of the Dungeon)
 22800 | D:13     | Found a glowing silver altar of Zin.
 23087 | D:14     | Found a gate to the Vaults.
 23310 | D:14     | Reached skill level 13 in Stealth
 23703 | D:14     | Found a runed door.
 23734 | D:14     | Paralysed by a vampire knight for 5 turns
 23737 | D:14     | Demolished by a vampire knight

Skill      XL: |  1  2  3  4  5  6  7  8  9 10 11 12 13 14 15 |
---------------+----------------------------------------------+-----
Axes           | 3 4 5 6 7 8 9 |  9.3
Dodging        | 3 4 6 8 9 11 | 11.2
Armour         | 1 2 3 4 5 6 |  6.3
Stealth        | 1 3 4 5 7 8 10 12 13 | 13.0
Fighting       | 3 4 5 6 |  6.9
Evocations     | 1 2 3 4 |  4.0
Shields        | 1 2 3 7 9 |  9.6
Short Blades   | 5 6 10 11 | 11.9
Throwing       | |  1.8
Invocations    | |  0.6

Action                   |  1- 3 |  4- 6 |  7- 9 | 10-12 | 13-15 || total
-------------------------+-------+-------+-------+-------+-------++-------
Melee: War axe           |    69 |    91 |   288 |    30 |       ||   478
       Kick              |     5 |    26 |    84 |   306 |   677 ||  1098
       Rapier            |       |       |       |   774 |  1420 ||  2194
       Flail             |       |       |       |     1 |       ||     1
Invok: Heroism           |       |       |       |     1 |       ||     1
 Abil: Evoke Invisibilit |       |     1 |     9 |       |    21 ||    31
Evoke: Wand              |       |       |       |    16 |    19 ||    35
  Use: Scroll            |     9 |     4 |     3 |    12 |    16 ||    44
       Potion            |       |     3 |     4 |     4 |     7 ||    18
 Stab: Sleeping          |     2 |     6 |       |    16 |    59 ||    83
       Invisible         |       |     4 |    11 |     5 |    18 ||    38
       Confused          |       |       |       |     2 |       ||     2
       Distracted        |       |       |       |     1 |     4 ||     5
       Petrifying        |       |       |       |       |     1 ||     1
       Paralysed         |       |       |       |       |     2 ||     2
  Eat: Royal jelly       |     1 |       |     3 |     7 |     4 ||    15
       Bread ration      |       |     1 |     2 |       |     1 ||     4
       Meat ration       |       |       |     1 |     1 |     3 ||     5
       Fruit             |       |       |     2 |     5 |    12 ||    19
Armor: Leather armour    |    19 |    18 |    32 |    47 |    83 ||   199
       Plate armour      |       |       |    77 |    40 |    39 ||   156
Dodge: Dodged            |    42 |    53 |   190 |   212 |   297 ||   794
Block: Buckler           |       |     2 |    73 |    56 |       ||   131
       Large shield      |       |       |       |   279 |   712 ||   991
